 Dungeon Crawl Stone Soup version 0.30-b1-2-g02819fbbbe (webtiles) character file.

Game seed: 16684198910516506391

6752 Ashen the Ogre Mage (level 11, -4/113 HPs)
             Began as an Ogre Summoner on Aug 16, 2023.
             Was a Follower of Sif Muna.
             Slain by a yak (12 damage)
             ... on level 9 of the Dungeon.
             The game lasted 00:58:14 (12826 turns).

Ashen the Ogre Mage (Ogre Summoner)                Turns: 12826, Time: 00:58:14

Health: -4/113     AC:  4    Str: 14    XL:     11   Next: 4%
Magic:  22/32      EV: 11    Int: 20    God:    Sif Muna [*.....]
Gold:   585        SH:  0    Dex:  9    Spells: 15/27 levels left

rFire   + . .        E - +0 giant club
rCold   . . .        (shield currently unavailable)
rNeg    . . .        a - +1 robe {Archmagi}
rPois   .            c - +0 hat
rElec   .            F - scarf {shadows}
rCorr   .            (gloves unavailable)
SInv    .            (boots unavailable)
Will    +....        (no amulet)
Stlth   +            C - ring of magical power
HPRegen 0.38/turn    p - ring of protection from fire
MPRegen 0.23/turn

%: archmagi
@: no status effects
A: large, unfitting armour, tough skin 1
a: Renounce Religion, Channel Magic


You were on level 9 of the Dungeon.
You worshipped Sif Muna.
Sif Muna was aware of your devotion.
You visited 2 branches of the dungeon, and saw 10 of its levels.

You collected 585 gold pieces.

Inventory:

Hand Weapons
 j - a +0 flail of protection
 E - a +0 giant club (weapon)
Missiles
 y - a throwing net
Armour
 a - a +1 robe of the Archmagi (worn)
 c - a +0 hat (worn)
 F - a scarf of shadows (worn)
 I - +0 steam dragon scales
Jewellery
 m - a ring of protection from cold
 o - a ring of see invisible
 p - a ring of protection from fire (right hand)
 s - a ring of resist corrosion
 C - a ring of magical power (left hand)
 G - a +4 ring of slaying
Wands
 n - a wand of iceblast (14)
 w - a wand of flame (14)
Scrolls
 e - a scroll of butterflies {unknown}
 g - a scroll of teleportation {unknown}
 h - a scroll of vulnerability {unknown}
 k - a scroll of enchant armour {unknown}
 q - 2 scrolls of amnesia
 u - 3 scrolls of poison
 x - 2 scrolls of magic mapping
 A - 4 scrolls of acquirement {unknown}
 K - a scroll of brand weapon {unknown}
 L - a scroll of immolation {unknown}
Potions
 b - a potion of magic
 f - 8 potions of curing
 l - 3 potions of lignification
 r - a potion of berserk rage
 v - 3 potions of resistance
 z - a potion of cancellation
 B - 2 potions of flight
 D - a potion of invisibility {unknown}
 H - a potion of brilliance
 J - a potion of ambrosia {unknown}


   Skills:
 + Level 8.5 Fighting
 + Level 5.7 Maces & Flails
 + Level 6.2 Dodging
 - Level 1.4 Stealth
 + Level 8.5 Spellcasting
 - Level 3.0 Hexes
 + Level 7.2 Summonings
 - Level 5.0 Air Magic


You had 15 spell levels left.
You knew the following spells:

 Your Spells              Type           Power      Damage    Failure   Level
b - Call Imp              Summ           100%       N/A       1%          2
c - Call Canine Familiar  Summ           54%        N/A       1%          3
d - Summon Guardian Gole  Hex/Summ       43%        N/A       3%          3
e - Summon Lightning Spi  Summ/Air       49%        N/A       7%          4

Your spell library contained the following spells:

 Spells                   Type           Power      Damage    Failure   Level
 Summon Small Mammal      Summ           100%       N/A       1%          1
 Static Discharge         Conj/Air       54%        2-5/arc   4%          2
 Confusing Touch          Hex            30%        N/A       7%          3
 Apportation              Tloc           24%        N/A       9%          1
 Beastly Appendage        Tmut           24%        N/A       9%          1
 Foxfire                  Conj/Fire      48%        2x1d6     9%          1
 Kiss of Death            Conj/Necr      48%        2d9       9%          1
 Magic Dart               Conj           48%        1d5       9%          1
 Necrotise                Necr           48%        1d6       9%          1
 Airstrike                Air            21%        2d(3-19)  11%         4
 Searing Ray              Conj           24%        2d5       12%         2
 Wereblood                Tmut           12%        N/A       12%         2
 Spider Form              Tmut/Pois      12%        N/A       24%         3
 Fulminant Prism          Conj/Hex       10%        3d9       41%         4
 Dispel Undead            Necr           12%        3d9       63%         4
 Alistair's Intoxication  Tmut/Pois      8%         N/A       92%         5
 Fireball                 Conj/Fire      6%         3d5       92%         5
 Iskenderun's Battlesphe  Conj           12%        2d7       92%         5
 Plasma Beam              Fire/Air       13%        2x1d27    99%         6
 Iron Shot                Conj/Erth      6%         9d2       100%        6
 Starburst                Conj/Fire      6%         6d4       100%        6
 Spellforged Servitor     Conj/Summ      17%        N/A       100%        7


Dungeon Overview and Level Annotations

Branches:
Dungeon (9/15)             Temple (1/1) D:7
   Lair: D:8-11         Orc: D:9-12

Altars:
Ashenzari
Cheibriados
Dithmenos
Elyvilon
Fedhas
Gozag
Hepliaklqana
Kikubaaqudgha
Makhleb
Nemelex Xobeh
Okawaru
Qazlal
Ru
Sif Muna
Trog
Uskayaw
Vehumet
Wu Jian
Xom
Yredelemnul
Zin
The Shining One

Shops:
D:7 *

Annotations:
D:9 3 runed translucent doors, exclusion: orange crystal statue


Innate Abilities, Weirdness & Mutations

You are too large for most types of armour.
You have tough skin. (AC +1)


Message History

Your cerulean imp barely misses the yak.
The yak closely misses your cerulean imp.
The yak gores you but does no damage. The orc hits you with a +0 short sword.
* * * LOW HITPOINT WARNING * * *
Your cerulean imp closely misses the yak.
You feel much better.
The purple ugly thing tentacle-slaps you!
The yak gores your cerulean imp. The orc closely misses you.
The yak closely misses you.
Your cerulean imp hits the yak with a +1 spear.
The yak dies!
Sif Muna accepts your kill.
Casting: Call Imp (safe; 1% risk of failure)
Confirm with . or Enter, or press ? or * to list all spells.
You feel a surge of power!
The purple ugly thing barely misses you.
The yak gores you!
* * * LOW HITPOINT WARNING * * *
The orc misses you.
You feel much better.
The purple ugly thing barely misses you.
The orc hits you with a +0 short sword. The yak gores you!
Okay, then.
You hit the purple ugly thing.
The purple ugly thing is heavily wounded.
Your lightning spire disappears in a puff of smoke!
Your wolf bites the yak.
The purple ugly thing tentacle-slaps you!
* * * LOW HITPOINT WARNING * * *
Your wolf barely misses the yak.
The yak gores you but does no damage. The orc closely misses you.
Your cerulean imp hits the orc from afar with a +1 spear.
The purple ugly thing tentacle-slaps you!
* * * LOW HITPOINT WARNING * * *
You sock the purple ugly thing!
The purple ugly thing is heavily wounded.
Your wolf barely misses the yak.
Your wolf bites the yak but does no damage.
The yak gores you!
You die...

.###.##.###.............#.o#.####
+#...#.........#........######.#o
...###..##..#..#........#.#u.u..#
.###..............(.....#.h#.####
+#...##.##Y.#...........#.####
...####.##.......######.uo#.#
#### #.##.##.##.# #####.###
#....)).##Y#######<.(..<#
####)##..o@h..#.......#.#
#.##.○○u...#.##.#..#.#
#.##.§5○...# #....#.#
#.##.§§....# #.#.##.#
#####.##.†.....#.##.#.##.#
#.....##.......#.........#
#.######.......####.###### #.#
############.# #.# #........#


You could see a purple ugly thing, a yak (ally target), an orc (ally target), a
friendly wolf (summoned) and a friendly cerulean imp (summoned).

Vanquished Creatures
  The ghost of LLlMATKO the Trooper, a novice MiBe of Trog (D:5)
  A yak (D:9)
  A steam dragon (D:8)
  Eustachio (D:4)
  A sky beast (D:8)
  3 ice beasts
  An orc warrior (D:6)
  A phantom (D:5)
  5 bullfrogs
  6 wights
  A jelly (D:7)
  2 orc priests
  3 hounds
  3 orc wizards
  A sleepcap (D:6)
  4 iguanas
  An adder (D:5)
  2 shadow imps
  A dart slug (D:3)
  18 orcs
  3 bats
  6 endoplasms
  A giant cockroach (D:5)
  5 goblins
  4 hobgoblins
  3 quokkas
  4 ball pythons
  3 frilled lizards
  8 kobolds
  2 rats
96 creatures vanquished.

Vanquished Creatures (collateral kills)
  A wraith (D:9)
  8 yaks (D:9)
  Menkaure (D:4)
  A water moccasin (D:7)
  An orc warrior (D:9)
  A sky beast (D:6)
  2 ogres
  3 centaurs
  2 phantoms (D:5)
  A bullfrog (D:7)
  3 scorpions
  9 wights
  Dowan (D:7)
  A howler monkey (D:9)
  2 orc priests
  A hound (D:4)
  2 iguanas
  Crazy Yiuf (D:3)
  4 orc wizards
  3 gnolls
  4 adders
  A shadow imp (D:5)
  2 dart slugs
  3 worms
  18 orcs
  6 ball pythons
  3 endoplasms
  A giant cockroach (D:1)
  7 jackals
  3 quokkas
  A bat (D:3)
  A frilled lizard (D:2)
  A goblin (D:4)
  3 kobolds
  2 rats
104 creatures vanquished.

Vanquished Creatures (others)
  An ugly thing (D:7)
  A yak (D:9)
  Duvessa (D:7)
  An orc warrior (D:9)
  An ogre (D:4)
  A gnoll sergeant (D:8)
  A wight (D:8)
  2 gnolls (D:8)
9 creatures vanquished.

Grand Total: 209 creatures vanquished

Notes
Turn   | Place    | Note
-------+----------+-------------------------------------------
     0 | D:1      | Ashen the Ogre Summoner began the quest for the Orb.
     0 | D:1      | Reached XP level 1. HP: 16/16 MP: 3/3
   148 | D:1      | Reached XP level 2. HP: 17/26 MP: 2/5
   322 | D:1      | Reached skill level 1 in Fighting
   444 | D:1      | Found a faded altar of an unknown god.
   682 | D:1      | Reached XP level 3. HP: 27/33 MP: 7/7
   947 | D:1      | Learned a level 2 spell: Call Imp
   951 | D:1      | Learned a level 3 spell: Call Canine Familiar
  1441 | D:2      | Reached XP level 4. HP: 42/42 MP: 9/9
  2638 | D:3      | Reached skill level 1 in Maces & Flails
  2840 | D:3      | Reached XP level 5. HP: 32/50 MP: 5/11
  2971 | D:3      | Found a runed translucent door.
  2972 | D:3      | Noticed Crazy Yiuf
  3022 | D:3      | Killed Crazy Yiuf
  3341 | D:3      | Learned a level 3 spell: Summon Guardian Golem
  3384 | D:4      | Noticed a centaur
  3472 | D:4      | Killed a centaur
  3473 | D:4      | Reached XP level 6. HP: 10/59 MP: 3/12
  3771 | D:4      | Noticed Eustachio
  3774 | D:4      | Noticed Menkaure
  3788 | D:4      | Reached skill level 1 in Hexes
  3965 | D:4      | Killed Eustachio
  3966 | D:4      | Reached skill level 5 in Spellcasting
  3966 | D:4      | Reached XP level 7. HP: 42/67 MP: 9/14
  4146 | D:4      | Found a shimmering altar of Xom.
  4506 | D:4      | Learned a level 4 spell: Summon Lightning Spire
  4620 | D:4      | Killed Menkaure
  4621 | D:4      | Reached XP level 8. HP: 78/78 MP: 12/16
  4865 | D:5      | Entered Level 5 of the Dungeon
  4896 | D:5      | Reached skill level 1 in Air Magic
  4901 | D:5      | Reached skill level 5 in Summonings
  4911 | D:5      | Found a runed translucent door.
  5018 | D:5      | Noticed LLlMATKO's ghost (novice MiBe)
  5084 | D:5      | Found a runed translucent door.
  5295 | D:5      | Reached skill level 5 in Fighting
  5826 | D:5      | Killed LLlMATKO's ghost
  5827 | D:5      | Reached XP level 9. HP: 67/88 MP: 3/18
  7567 | D:7      | Found a broken altar of Ashenzari.
  7677 | D:7      | Found a staircase to the Ecumenical Temple.
  7689 | Temple   | Entered the Ecumenical Temple
  7965 | Temple   | Became a worshipper of Sif Muna the Loreminder
  8000 | D:7      | Noticed Duvessa
  8009 | D:7      | Noticed a brown ugly thing
  8941 | D:7      | Found Yclesch's Elemental Accessories.
  9171 | D:7      | Killed a brown ugly thing
  9172 | D:7      | Reached skill level 5 in Dodging
  9179 | D:7      | Reached XP level 10. HP: 9/100 MP: 18/21
  9184 | D:7      | HP: 5/100 [poisoned by a water moccasin]
  9545 | D:7      | Noticed Dowan
  9555 | D:7      | Killed Dowan
  9585 | D:7      | Killed Duvessa
 10217 | D:8      | Found an iron altar of Okawaru.
 10428 | D:8      | Found a hide-covered altar of Uskayaw.
 10435 | D:8      | Found a hazy altar of Hepliaklqana.
 10445 | D:8      | Found a shadowy altar of Dithmenos.
 10450 | D:8      | Found a burning altar of Makhleb.
 10461 | D:8      | Found a sparkling altar of Nemelex Xobeh.
 10475 | D:8      | Found a blossoming altar of Fedhas.
 10640 | D:8      | Reached skill level 5 in Maces & Flails
 12073 | D:9      | Found a runed translucent door.
 12087 | D:9      | Found a runed translucent door.
 12103 | D:9      | Found a runed translucent door.
 12107 | D:9      | Noticed an orange crystal statue
 12132 | D:9      | Found a runed translucent door.
 12245 | D:9      | Reached * piety under Sif Muna
 12750 | D:9      | Noticed a purple ugly thing
 12818 | D:9      | Reached skill level 5 in Air Magic
 12820 | D:9      | Reached XP level 11. HP: 36/113 MP: 23/23
 12826 | D:9      | Slain by a yak

Illustrated notes

Levels and vault maps discovered:
D:1:      nicolae_arrival_somewhat_less_tricky_arrival, layout_basic,
          basic_ecumenical_altar, wad_floor_pattern_untrapped,
          minmay_misc_feat_nine_boxes
D:2:      layout_loops_cross, kennysheep_generic_room_12
D:3:      layout_loops_ring, minmay_starry_boxes, uniq_crazy_yiuf_cottage
D:4:      minmay_inner_zag, layout_cave_pools, mainiacjoe_overflow_alcove_2,
          uniq_eustachio, uniq_menkaure
D:5:      layout_cave_pools, ebering_ghost_sewer_f, minmay_hedge_maze
D:6:      layout_rooms, minivault_5
D:7:      layout_loops_ring, mainiacjoe_overflow_catwalk,
          minmay_temple_entry_offerings, st_stairs_12, grunt_decor_fettered,
          nicolae_elemental_shop, minmay_tree_intersection, uniq_duvessa
D:8:      layout_loops_ring, grunt_temple_overflow_octagram
D:9:      minmay_angry_zag, layout_loops_cross, minmay_statue_crystal_thing
Temple:   oiseaux_autumnal_temple

Skill      XL: |  1  2  3  4  5  6  7  8  9 10 |
---------------+-------------------------------+-----
Dodging        | 2 3 4 5 6 |  6.2
Fighting       | 1 2 3 4 5 6 8 |  8.5
Spellcasting   | 3 4 5 6 7 8 |  8.5
Summonings     | 4 5 6 7 |  7.2
Maces & Flails | 1 2 3 4 5 |  5.7
Hexes          | 1 2 3 |  3.0
Air Magic      | 2 3 5 |  5.0
Stealth        | |  1.4

Action                     |  1- 3 |  4- 6 |  7- 9 | 10-12 || total
---------------------------+-------+-------+-------+-------++-------
  Melee: Unarmed           |    58 |       |       |       ||    58
         Mace              |    82 |    13 |       |       ||    95
         Punch             |     2 |     1 |     2 |       ||     5
         Flail             |       |   131 |   192 |       ||   323
         Giant club        |       |       |    42 |   102 ||   144
   Cast: Summon Small Mamm |    14 |     2 |     7 |       ||    23
         Call Canine Famil |     3 |    20 |    47 |    36 ||   106
         Call Imp          |     1 |     5 |    16 |     7 ||    29
         Summon Guardian G |       |     3 |     9 |     7 ||    19
         Summon Lightning  |       |       |       |     6 ||     6
  Evoke: Wand              |       |       |     2 |       ||     2
    Use: Scroll            |       |       |       |    16 ||    16
         Potion            |       |       |       |     6 ||     6
   Stab: Sleeping          |     1 |       |     3 |       ||     4
         Distracted        |       |       |     1 |     1 ||     2
 Armour: Robe              |    44 |    75 |    89 |    28 ||   236
         Steam dragon scal |       |       |       |     3 ||     3
  Dodge: Dodged            |    78 |   134 |   146 |   112 ||   470
